 Dungeon Crawl Stone Soup version 0.24-a0-251-g44e327ef01 (webtiles) character file.

Game seed: 15894286943033063097

3056 Redear the Covert (level 9, -7/41 HPs)
             Began as a Felid Fighter on Apr 16, 2019.
             Was a Priest of Sif Muna.
             Shot with an arrow by a centaur warrior (29 damage)
             ... on level 10 of the Dungeon.
             The game lasted 00:32:22 (14331 turns).

Redear the Covert (Felid Fighter)                  Turns: 14331, Time: 00:32:23

Health: -7/41      AC:  2    Str: 14    XL:     9   Next: 57%
Magic:  16/16      EV: 25    Int: 13    God:    Sif Muna [***...]
Gold:   495        SH:  0    Dex: 16    Spells: 7/16 levels left
                                        Lives:  0   Deaths: 3

rFire    . . .     SeeInvis +     - Unarmed
rCold    . . .     Gourm    .   (shield unavailable)
rNeg     . . .     Faith    .   (armour unavailable)
rPois    .         Spirit   .   (helmet unavailable)
rElec    .         Reflect  .   (cloak unavailable)
rCorr    .         Harm     .   (gloves unavailable)
MR       +....                  (boots unavailable)
Stlth    ++++......             (no amulet)
HPRegen  0.13/turn              g - +2 ring of strength
MPRegen  0.15/turn              o - +2 ring of evasion

@: drained, quick
A: very small, no armour, no weapons or thrown items, stealth, claws 1, fangs 3,
see invisible, carnivore, speed 1, shaggy fur 2, slow metabolism 1, sharp paws
a: Divine Energy, Channel Magic, Renounce Religion


You were on level 10 of the Dungeon.
You worshipped Sif Muna.
Sif Muna was most pleased with you.
You were very full.

You visited 2 branches of the dungeon, and saw 11 of its levels.

You collected 495 gold pieces.

Inventory:

Missiles
 d - 208 stones
Jewellery
 f - an uncursed ring of protection from fire {rF+}
 g - a +2 ring of strength (left paw)
 m - an uncursed ring of protection from magic {MR+}
 o - a +2 ring of evasion (right paw)
 s - an uncursed ring of see invisible {SInv}
 t - a +2 ring of dexterity {unknown}
 x - an uncursed ring of stealth {Stlth+}
Wands
 D - a wand of digging (15)
 I - a wand of iceblast (11)
 V - a wand of flame (97)
Scrolls
 b - 4 scrolls of amnesia {unknown}
 c - 2 scrolls of random uselessness
 e - 2 scrolls of teleportation {unknown}
 i - a scroll of enchant armour {unknown}
 j - 4 scrolls of fog
 n - 5 scrolls of remove curse {unknown}
 r - a scroll of summoning {unknown}
 u - 2 scrolls of blinking {unknown}
 v - a scroll of magic mapping {unknown}
 R - 6 scrolls of identify {@r1}
Potions
 a - a potion of berserk rage {unknown}
 h - 3 potions of degeneration {!q}
 l - 2 potions of brilliance {Archmagi Int+5 Wiz++}
 p - a potion of lignification
 H - 2 potions of haste {@q5}
Comestibles
 z - 20 rations


   Skills:
 - Level 6.1(5.4) Fighting
 - Level 8.6(7.8) Dodging
 - Level 9.1(8.3) Stealth
 - Level 6.7(5.9) Unarmed Combat
 - Level 4.0(3.4) Spellcasting
 - Level 4.1(3.4) Conjurations
 - Level 4.7(4.0) Translocations
 - Level 3.1(2.4) Transmutations
 + Level 5.4(4.7) Fire Magic
 - Level 4.0(3.3) Air Magic
 - Level 4.1(3.4) Poison Magic


You had 7 spell levels left.
You knew the following spells:

 Your Spells              Type           Power        Failure   Level  Hunger
d - Blink                 Tloc           N/A          6%          2    ##.....
j - Conjure Flame         Conj/Fire      ##......     13%         3    ###....
m - Mephitic Cloud        Conj/Pois/Air  ##......     16%         3    ###....
z - Beastly Appendage     Tmut           #.....       9%          1    #......

Your spell library contained the following spells:

 Spells                   Type           Power        Failure   Level  Hunger
 Magic Dart               Conj           ##..         5%          1    #......
 Searing Ray              Conj           ##....       9%          2    ##.....
 Sticks to Snakes         Tmut           #.......     12%         2    ##.....
 Spider Form              Tmut/Pois      #.........   21%         3    ###....
 Call Imp                 Summ           #.......     32%         2    ##.....
 Slow                     Hex            #.......     32%         2    ##.....
 Dazzling Spray           Conj/Hex       #.....       32%         3    ###....
 Force Lance              Conj/Tloc      ##......     43%         4    #####..
 Iskenderun's Mystic Bla  Conj           ##......     47%         4    #####..
 Fulminant Prism          Conj/Hex       #.........   73%         4    #####..
 Ice Form                 Ice/Tmut       #.......     80%         4    #####..
 Blade Hands              Tmut           #.........   92%         5    ######.


Dungeon Overview and Level Annotations

Branches:
Dungeon (10/15)            Temple (1/1) D:5            Lair (0/6) D:8
    Orc (0/2) D:10

Altars:
Cheibriados
Dithmenos
Elyvilon
Fedhas
Gozag
Hepliaklqana
Kikubaaqudgha
Makhleb
Nemelex Xobeh
Okawaru
Qazlal
Ru
Sif Muna
Trog
Uskayaw
Vehumet
Wu Jian
Xom
Yredelemnul
Zin
The Shining One

Shops:
D:5 }   D:7 (

Annotations:
D:8 Erica
D:10 3 runed translucent doors, temitten's ghost, journeyman NaWn


Innate Abilities, Weirdness & Mutations

You cannot wear armour.
You are incapable of wielding weapons or throwing items.
Your paws allow you to move quietly. (Stealth)
You have sharp claws.
You have razor-sharp teeth.
You have supernaturally acute eyesight. (SInv)
You are carnivorous and can eat meat at any time.
You cover ground quickly.
You are covered in thick fur. (AC +2)
You have a slow metabolism.
Your sharp claws are effective at attacking unaware monsters.


Message History

The yak barely misses you.
Press: ? - help, v - describe, . - travel
Here: a yak (lightly wounded)
The floor, spattered with blood.
Unknown command.
A yak comes into view.
The yak bellows!
Your horns disappear.
There is a stone staircase leading down here.
MP restored: 16
Things that are here:
18 arrows; a +0 shortbow You see here an arrow.
A shock serpent comes into view.
The centaur warrior wields a +0 shortbow.
The centaur warrior shoots an arrow.
The arrow misses you.
You see here an arrow.
The centaur warrior shoots an arrow.
The arrow hits you!!
Ouch! That really hurt!
You die...

##..##..##..###.# #<#
#..##....##.[##.# #.#
#..##....##..##.## #.#
#..##....##..##..# ###.#
#..##(...##..##c.# #...#
##|.######..###..# #.###
##...####...##...# #.#
###........###.#(# #.#
.###......###..#@# #.#
..##.....)##.....###########.###
.....Y..(.(.Y..(...............#
.#.......S...#########.#####.#.#
...######)..S.....# #.# #.#.#
##.## ####.####รท# #.# #.#.#
#..## #)# #.# #.## #.#.# ##...##
#.# #.# #..# #.#.##
......######.####.#####.####....#


You could see a centaur warrior, a shock serpent (wandering) and a yak.

Vanquished Creatures
  A two-headed ogre (D:10)
  Maurice (D:8)
  Joseph (D:8)
  A troll (D:9)
  Prince Ribbit (D:5)
  A hippogriff (D:8)
  A wraith (D:10)
  A spriggan (D:8)
  A wyvern (D:10)
  A hungry ghost (D:10)
  Grum (D:8)
  An orc warrior (D:8)
  2 phantoms
  A sky beast (D:7)
  4 ice beasts
  An eye of draining (D:5)
  3 ogres (D:8)
  2 wolves (D:8)
  3 centaurs
  A crocodile (D:9)
  2 big kobolds (D:10)
  5 bullfrogs
  A water moccasin zombie (D:9)
  2 scorpions
  6 wights
  13 killer bees
  4 howler monkeys
  A centaur zombie (D:5)
  2 bullfrog zombies
  3 crimson imps
  A gnoll shaman (D:7)
  4 orc wizards
  An orc priest (D:10)
  A centaur skeleton (D:4)
  6 hounds
  3 jellies
  3 iguanas
  Ijyb (D:4)
  9 worker ants
  4 hound skeletons
  A worker ant zombie (D:5)
  9 gnolls
  12 adders
  2 shadow imps
  2 oozes
  An adder skeleton (D:9)
  8 worms
  2 dart slugs
  4 leopard geckos
  22 orcs
  5 bats
  8 giant cockroaches
  5 goblins
  6 hobgoblins
  4 jackals
  4 quokkas
  2 ball pythons (D:2)
  A ball python skeleton (D:5)
  8 frilled lizards
  7 kobolds
  A quokka zombie (D:5)
  6 rats
221 creatures vanquished.

Vanquished Creatures (others)
  2 fungi (D:10)
  2 plants (D:10)
4 creatures vanquished.

Grand Total: 225 creatures vanquished

Notes
Turn   | Place    | Note
-------+----------+-------------------------------------------
     0 | D:1      | Redear the Felid Fighter began the quest for the Orb.
     0 | D:1      | Reached XP level 1. HP: 10/10 MP: 2/2
   290 | D:1      | Reached skill level 1 in Stealth
   308 | D:1      | Reached XP level 2. HP: 11/14 MP: 3/3
   362 | D:1      | HP: 1/14 [kobold/+0 short sword (5)]
  1289 | D:2      | Reached XP level 3. HP: 14/17 MP: 4/4
  1300 | D:2      | Reached skill level 2 in Stealth
  1851 | D:2      | Reached XP level 4. HP: 10/21 MP: 5/5
  2209 | D:2      | Found a sacrificial altar of Ru.
  2520 | D:2      | Found a shadowy altar of Dithmenos.
  2754 | D:3      | Reached skill level 5 in Dodging
  2763 | D:3      | Reached skill level 3 in Stealth
  2768 | D:3      | HP: 2/22 [worm (10)]
  3022 | D:3      | You fall through a shaft for 3 floors!
  3030 | D:6      | Noticed a phantom
  3063 | D:6      | HP: 2/22 [phantom (9)]
  3106 | D:6      | Killed a phantom
  3106 | D:6      | Reached skill level 4 in Fighting
  3106 | D:6      | Reached XP level 5. HP: 12/25 MP: 6/6
  3160 | D:5      | Entered Level 5 of the Dungeon
  3171 | D:5      | Reached skill level 4 in Stealth
  3247 | D:5      | Reached skill level 5 in Unarmed Combat
  3247 | D:5      | Gained mutation: You are covered in thick fur. (AC +2)
                  | [Felid growth]
  3247 | D:5      | Reached XP level 6. HP: 16/28 MP: 7/7
  3350 | D:4      | Noticed Ijyb
  3412 | D:4      | Found a radiant altar of Vehumet.
  3451 | D:4      | Found a hazy altar of Hepliaklqana.
  3545 | D:3      | Reached skill level 6 in Dodging
  4531 | D:4      | Killed Ijyb
  4747 | D:4      | Found an iron altar of Okawaru.
  4888 | D:4      | Reached skill level 5 in Stealth
  5020 | D:4      | Found a basalt altar of Yredelemnul.
  5021 | D:4      | Found a hide-covered altar of Uskayaw.
  5084 | D:5      | Found Mobb's Gadget Boutique.
  5109 | D:5      | Noticed Prince Ribbit
  5183 | D:5      | Reached XP level 7. HP: 31/33 MP: 8/8
  5199 | D:5      | Reached skill level 5 in Fighting
  5471 | D:5      | HP: 4/49 [poisoned by a worker ant]
  5481 | D:5      | Reached skill level 7 in Dodging
  5481 | D:5      | Reached skill level 6 in Stealth
  5705 | D:5      | Killed Prince Ribbit
  5705 | D:5      | Reached skill level 6 in Unarmed Combat
  5705 | D:5      | Reached XP level 8. HP: 10/37 MP: 9/9
  5715 | D:5      | HP: 3/37 [hound (1)]
  6725 | D:5      | Reached skill level 7 in Stealth
  6789 | D:5      | Found a staircase to the Ecumenical Temple.
  7233 | Temple   | Entered the Ecumenical Temple
  7734 | D:6      | Reached skill level 8 in Dodging
  7748 | D:6      | Reached skill level 6 in Fighting
  7839 | D:6      | Found a deep blue altar of Sif Muna.
  7885 | D:6      | Found a burning altar of Makhleb.
  7899 | D:6      | Became a worshipper of Sif Muna the Loreminder
  8046 | D:6      | HP: 1/38 [orc wizard/magic dart (6)]
  8059 | D:6      | Killed from afar by an orc wizard
  8060 | D:6      | Reached XP level 7. HP: -4/34 MP: 8/8
  8138 | D:6      | Learned a level 2 spell: Blink
  8534 | D:7      | Reached skill level 1 in Translocations
  8826 | D:7      | Found Soun's Antique Weapon Boutique.
  8860 | D:7      | Reached skill level 8 in Stealth
  8860 | D:7      | Reached skill level 2 in Translocations
  8860 | D:7      | Reached XP level 8. HP: 22/38 MP: 9/9
  9212 | D:8      | Found a staircase to the Lair.
  9245 | D:8      | Noticed Maurice
  9259 | D:8      | Killed Maurice
  9259 | D:8      | Reached skill level 9 in Stealth
  9259 | D:8      | Reached skill level 4 in Translocations
  9265 | D:8      | Noticed Erica
  9277 | D:8      | HP: 1/38 [Erica/+4 scimitar of flaming (15)]
  9277 | D:8      | Mangled by Erica
  9278 | D:8      | Reached XP level 7. HP: -6/34 MP: 8/8
  9282 | D:8      | Learned a level 3 spell: Mephitic Cloud
  9593 | D:8      | Noticed Grum
  9620 | D:8      | Reached skill level 1 in Spellcasting
  9620 | D:8      | Reached skill level 1 in Conjurations
  9620 | D:8      | Reached skill level 1 in Air Magic
  9620 | D:8      | Reached skill level 1 in Poison Magic
  9626 | D:8      | Reached * piety under Sif Muna
  9626 | D:8      | Reached XP level 8. HP: 27/38 MP: 10/10
  9631 | D:8      | Killed Grum
  9652 | D:8      | Found a blossoming altar of Fedhas.
  9727 | D:8      | Reached skill level 2 in Spellcasting
  9727 | D:8      | Reached skill level 2 in Air Magic
  9727 | D:8      | Reached skill level 2 in Poison Magic
  9737 | D:8      | Reached skill level 2 in Conjurations
  9755 | D:8      | HP: 3/38 [poisoned by a killer bee]
  9760 | D:8      | HP: 2/38 [poisoned by a killer bee]
 10267 | D:8      | Noticed a hippogriff
 10269 | D:8      | Killed a hippogriff
 10369 | D:8      | Noticed Joseph
 10451 | D:8      | Killed Joseph
 10451 | D:8      | Reached ** piety under Sif Muna
 10451 | D:8      | Reached skill level 3 in Spellcasting
 10451 | D:8      | Reached skill level 3 in Conjurations
 10451 | D:8      | Reached skill level 3 in Air Magic
 10451 | D:8      | Reached skill level 3 in Poison Magic
 10451 | D:8      | Reached XP level 9. HP: 41/41 MP: 14/14
 11447 | D:9      | Noticed a troll
 11453 | D:9      | Killed a troll
 11784 | D:9      | Reached skill level 4 in Poison Magic
 11954 | D:9      | Reached skill level 4 in Spellcasting
 11954 | D:9      | Reached skill level 4 in Conjurations
 11954 | D:9      | Reached skill level 4 in Air Magic
 12460 | D:10     | Entered Level 10 of the Dungeon
 12465 | D:10     | Learned a level 1 spell: Beastly Appendage
 12489 | D:10     | Reached skill level 1 in Transmutations
 12500 | D:10     | Reached *** piety under Sif Muna
 12500 | D:10     | Reached skill level 2 in Transmutations
 12796 | D:10     | Found a runed translucent gate.
 12797 | D:10     | Found a runed translucent gate.
 12798 | D:10     | Found a runed translucent gate.
 12799 | D:10     | Noticed a kobold demonologist
 12801 | D:10     | Noticed temitten's ghost (journeyman NaWn)
 12804 | D:10     | Noticed a kobold demonologist
 12833 | D:10     | Found a staircase to the Orcish Mines.
 12852 | D:10     | Reached XP level 10. HP: 40/45 MP: 17/17
 12861 | D:10     | Reached skill level 3 in Transmutations
 13059 | D:10     | Learned a level 3 spell: Conjure Flame
 13110 | D:10     | Noticed a centaur warrior
 13130 | D:10     | Reached skill level 1 in Fire Magic
 13176 | D:10     | Noticed a harpy
 13190 | D:10     | Noticed a two-headed ogre
 13250 | D:10     | Reached skill level 2 in Fire Magic
 13350 | D:10     | Reached skill level 3 in Fire Magic
 13369 | D:10     | Killed a two-headed ogre
 13369 | D:10     | Reached skill level 4 in Fire Magic
 13414 | D:10     | Noticed a manticore
 13414 | D:10     | a snapping turtle changed into a manticore
 13418 | D:10     | Slain by a manticore (shapeshifter)
 13419 | D:10     | Reached XP level 9. HP: -4/41 MP: 16/16
 13697 | D:10     | Reached skill level 5 in Fire Magic
 14327 | D:10     | Noticed a shock serpent
 14331 | D:10     | Shot with an arrow by a centaur warrior

Levels and vault maps discovered:
D:1:      giann_bridges, layout_loops_ring
D:2:      layout_basic, overflow_temple_1_default,
          lemuel_coloured_pillars_altar, first_ration, minivault_25,
          hangedman_decor_push
D:3:      minmay_wonky_spiral, layout_loops_corners, portal_sewer_entry_d,
          minmay_randomly_rotated_circles
D:4:      layout_cave_pools, okawaru_altar_gauntlet_db,
          nicolae_overflow_hidden_temple, serial_park, serial_park_tiny_pond,
          serial_park_paths [serial_park_minivault_5x5_2],
          vehumet_altar_wand_db, uniq_ijyb
D:5:      layout_basic, minmay_temple_entry_enclosed_plants, serial_shops,
          nicolae_shop_crystal, minmay_starry_boxes, uniq_prince_ribbit1
D:6:      layout_layer_cave, kennysheep_mini, old_standard_altar
D:7:      layout_loops_ring, serial_shops, shop
D:8:      minmay_skewed_foursquare, layout_loops_corners, fedhas_altar_1,
          lair_entry_dummy, the_bakery, uniq_maurice, uniq_erica, uniq_joseph,
          uniq_grum
D:9:      layout_stronghold, minmay_fractal_squares_diagonal_5
D:10:     layout_loops_ring, david_orc_3, gammafunk_ghost_nasty_kobolds,
          minmay_mirror_moons_of_madness
Temple:   minmay_temple_forest_path

Skill      XL: |  1  2  3  4  5  6  7  8  9 10 |
---------------+-------------------------------+-----
Stealth        | 1 2 3 4 5 8 9 |  9.1
Dodging        | 5 6 7 8 |  8.6
Fighting       | 4 5 6 |  6.1
Unarmed Combat | 5 6 |  6.7
Translocations | 2 4 |  4.7
Spellcasting   | 1 3 4 |  4.0
Conjurations   | 1 3 4 |  4.1
Air Magic      | 1 3 4 |  4.0
Poison Magic   | 1 3 4 |  4.1
Transmutations | 2 3 |  3.1
Fire Magic     | 5 4 |  5.4

Action                   |  1- 3 |  4- 6 |  7- 9 | 10-12 || total
-------------------------+-------+-------+-------+-------++-------
Melee: Unarmed           |   102 |   178 |   508 |    50 ||   838
       Bite              |    11 |    18 |    46 |     6 ||    81
       Punch             |     1 |     4 |    18 |       ||    23
       Headbutt          |       |       |     1 |       ||     1
 Cast: Blink             |       |       |     1 |       ||     1
       Beastly Appendage |       |       |     1 |       ||     1
Evoke: Wand              |       |       |     6 |     8 ||    14
  Use: Potion            |     3 |     1 |    11 |     1 ||    16
       Scroll            |       |     3 |       |       ||     3
 Stab: Sleeping          |     3 |    25 |    28 |     3 ||    59
       Invisible         |     2 |       |     5 |       ||     7
       Distracted        |       |     1 |     2 |       ||     3
       Paralysed         |       |       |       |     1 ||     1
  Eat: Chunk             |       |    12 |    21 |     3 ||    36
Armor: Skin              |    13 |     2 |    17 |     1 ||    33
Dodge: Dodged            |    81 |   129 |   444 |    44 ||   698

Table legend:
 A = Non-vault XP
 B = Vault XP
 C = Vault XP percentage of total XP
 D = Non-vault monster count
 E = Vault monster count
 F = Vault count percentage of total count
                 A         B        C        D         E       F
            +---------+---------+-------+---------+---------+-------
      Total |    6553 |    3577 |  35.3 |     173 |      48 |  21.7
            +---------+---------+-------+---------+---------+-------
        D:1 |      29 |       0 |   0.0 |      16 |       0 |   0.0
        D:2 |     112 |       0 |   0.0 |      28 |       0 |   0.0
        D:3 |      52 |      45 |  46.4 |      14 |      10 |  41.7
        D:4 |     186 |      65 |  25.9 |      16 |       8 |  33.3
        D:5 |     824 |     489 |  37.2 |      16 |       6 |  27.3
        D:6 |     465 |       0 |   0.0 |      14 |       0 |   0.0
        D:7 |     271 |       0 |   0.0 |       3 |       0 |   0.0
        D:8 |    1553 |    2001 |  56.3 |      33 |      11 |  25.0
        D:9 |     596 |     633 |  51.5 |      10 |       7 |  41.2
       D:10 |    2465 |     344 |  12.2 |      23 |       6 |  20.7
            +---------+---------+-------+---------+---------+-------
